 Dungeon Crawl Stone Soup version 0.18.1-2-ga659475 (webtiles) character file.

165 dobroeutro the Chopper (level 5, -1/41 HPs)
             Began as a Demonspawn Fighter on May 8, 2016.
             Killed by divine providence
             ... invoked by an orc priest
              (12 damage)
             ... on level 3 of the Dungeon.
             The game lasted 00:02:06 (1473 turns).

dobroeutro the Chopper (Demonspawn Fighter)         Turns: 1473, Time: 00:02:07

Health: -1/41      AC:  7    Str: 17    XL:     5   Next: 21%
Magic:  5/5        EV:  6    Int:  9    God:
Gold:   143        SH:  8    Dex: 13    Spells: 0 memorised, 4 levels left

rFire  . . .     SeeInvis .     a - +0 war axe
rCold  . . .     Gourm    .     b - +0 scale mail
rNeg   . . .     Faith    .     c - +0 shield
rPois  .         Spirit   .     (no helmet)
rElec  .         Dismiss  .     k - +0 cloak
rCorr  .         Reflect  .     (no gloves)
SustAt .         Harm     .     (no boots)
MR     .....                    (no amulet)
Stlth  ..........               (no ring)
                                (no ring)

@: not resistant to hostile enchantments, extremely unstealthy
A: talons 1, spiny 1
a: no special abilities


You were on level 3 of the Dungeon.
You were not hungry.

You visited 1 branch of the dungeon, and saw 3 of its levels.

You collected 143 gold pieces.

Inventory:

Hand Weapons
 a - a +0 war axe (weapon)
Armour
 b - a +0 scale mail (worn)
 c - a +0 shield (worn)
 k - a +0 cloak (worn)
Scrolls
 e - 5 scrolls of identify {unknown}
 i - 5 scrolls of remove curse {unknown}
 l - 3 scrolls of magic mapping {unknown}
 q - a scroll of blinking {unknown}
Potions
 d - 3 potions of might
 g - a potion of brilliance {unknown}
 h - a potion of flight {unknown}
 m - a potion of beneficial mutation {unknown}
 n - a potion of cure mutation {unknown}
 o - a potion of cancellation {unknown}
 p - a potion of magic {unknown}
 s - a potion of ambrosia {unknown}
Comestibles
 f - 3 bread rations
 j - 3 fruits
 r - 2 chunks of flesh


   Skills:
 - Level 3.0 Fighting
 + Level 5.0 Axes
 - Level 2.6 Armour
 - Level 2.6 Shields


You had 4 spell levels left.
You didn't know any spells.

Dungeon Overview and Level Annotations

Branches:
Dungeon (3/15)

Altars:


Innate Abilities, Weirdness & Mutations

You have sharp toenails.
You are partially covered in sharp spines.


Message History

* * * LOW HITPOINT WARNING * * *
You are too injured to fight recklessly!
You are too injured to fight recklessly!
You are too injured to fight recklessly!
You are too injured to fight recklessly!
You are too injured to fight recklessly!
You are too injured to fight recklessly!
You are too injured to fight recklessly!
You are too injured to fight recklessly!
You are too injured to fight recklessly!
You are too injured to fight recklessly!
You are too injured to fight recklessly!
You are too injured to fight recklessly!
You are too injured to fight recklessly!
You hit the orc priest but do no damage.
You claw the orc priest, but do no damage.
The orc priest is severely wounded.
The orc priest mumbles some strange prayers to Beogh against you.
Beogh smites you!
You die...

# #.# #. #.#
#.####.### #........#
###.##.#.# ##.##.#.#
#####...#.#.# #
(.........#.###o##.#.
####...###!.@og.....
##.## #####.##.#. #.#
# #.# #.#######
#........ #..######
#.# #.# #..## ... #.#
#...# #.# #.#


You could see an orc priest, an orc and a goblin.

Vanquished Creatures
  A hound (D:3)
  2 orc wizards (D:3)
  An adder (D:2)
  An ooze (D:3)
  A worm (D:2)
  A giant gecko (D:2)
  9 orcs (D:3)
  A ball python (D:2)
  5 giant cockroaches
  8 goblins
  4 hobgoblins
  7 bats
  4 giant newts
  7 kobolds
  3 rats (D:1)
55 creatures vanquished.

Notes
Turn   | Place    | Note
--------------------------------------------------------------
     0 | D:1      | dobroeutro the Demonspawn Fighter began the quest for the Orb.
     0 | D:1      | Reached XP level 1. HP: 18/18 MP: 1/1
    54 | D:1      | Reached skill level 2 in Axes
   179 | D:1      | Gained mutation: You are partially covered in sharp spines. [demonic ancestry]
   179 | D:1      | Reached XP level 2. HP: 22/24 MP: 2/2
   751 | D:2      | Reached skill level 3 in Axes
   813 | D:2      | Reached XP level 3. HP: 23/29 MP: 3/3
  1256 | D:3      | Reached skill level 4 in Axes
  1256 | D:3      | Gained mutation: You have sharp toenails. [demonic ancestry]
  1256 | D:3      | Reached XP level 4. HP: 34/35 MP: 4/4
  1270 | D:3      | HP: 1/35 [orc wizard/magic dart (6)]
  1270 | D:3      | Reached XP level 5. HP: 1/41 MP: 5/5
  1454 | D:3      | Reached skill level 5 in Axes
  1473 | D:3      | Killed from afar by an orc priest

Skill      XL: |  1  2  3  4  5 |
---------------+----------------+-----
Axes           | 2 3 4 5 |  5.0
Fighting       | |  3.0
Armour         | |  2.6
Shields        | |  2.6

Action                   |  1- 3 |  4- 6 || total
-------------------------+-------+-------++-------
Melee: War axe           |    65 |    20 ||    85
       Kick              |       |     4 ||     4
  Eat: Chunk             |       |     2 ||     2
Armor: Scale mail        |    22 |     7 ||    29
Dodge: Dodged            |    17 |     7 ||    24
Block: Shield            |    40 |     9 ||    49
